AoeStats
← joelreflects

Enclosed

503912357Analyzed
1v1 RM · 1mo ago on Sep 3, 2026· 24m 42s· 2 players
Game mode
Random Map
Map size
Tiny (2 player)
Population
200
Speed
Normal
Resources
Standard
Victory
Conquest
Starting age
Dark Age
Ending age
Imperial Age
RankedLock teamsTeams togetherTeam positionsShared explorationLock speedFull tech treeHidden civsTurbo modeCheats
Victory
Defeat
🇺🇸 Persians · United States
909
+17
🇺🇸 Turks · United States
932
-17
arviper14
6:45 Loom
9:14 Feudal Age
10:07 Double-Bit Axe
10:15 Horse Collar
15:53 Wheelbarrow
20:02 Castle Age
18:12 Gold Mining
19:07 Bloodlines
19:04 Scale Barding Armor
20:22 Pikeman
21:03 Squires
21:49 Husbandry
22:01 Scale Mail Armor
23:54 Hand Cart
24:15 Forging
joelreflects
7:35 Loom
10:53 Feudal Age
12:14 Double-Bit Axe
17:03 Castle Age
17:16 Scale Barding Armor
17:51 Forging
17:31 Horse Collar
24:28 Wheelbarrow
25:18 Bloodlines
Connection lost

Rejoining the realm…

Still unreachable

The connection could not be restored.

Session expired

The server has moved on; the page needs a fresh start.